 Dungeon Crawl Stone Soup version 0.21.1-1-g345015f (webtiles) character file.

18 tidbits the Insei (level 2, -4/23 HPs)
             Began as a Gnoll Transmuter on Mar 9, 2018.
             Killed from afar by an orc wizard (9 damage)
             ... with a magic dart
             ... on level 3 of the Dungeon.
             The game lasted 00:02:14 (307 turns).

tidbits the Insei (Gnoll Transmuter)                 Turns: 307, Time: 00:02:15

Health: -4/23      AC:  2    Str: 12    XL:     2   Next: 66%
Magic:  6/7        EV: 13    Int: 15    God:
Gold:   59         SH:  0    Dex: 15    Spells: 9/10 levels left

rFire    . . .     SeeInvis .     - Unarmed
rCold    . . .     Gourm    .   (no shield)
rNeg     . . .     Faith    +   b - +0 robe
rPois    .         Spirit   .   (no helmet)
rElec    .         Reflect  .   (no cloak)
rCorr    .         Harm     .   (no gloves)
MR       .....                  (boots currently unavailable)
Stlth    +.........             i - amulet of faith
HPRegen  0.07/turn              (no ring)
MPRegen  0.10/turn              (no ring)

@: appendage, heavily drained
A: distributed training, fangs 1, talons 3, strong nose
a: End Transformation


You were on level 3 of the Dungeon.
You were not hungry.
You had grown temporary talons.
You visited 1 branch of the dungeon, and saw 3 of its levels.

You collected 59 gold pieces.

Inventory:

Hand Weapons
 k - a +2 dagger of venom
   (You found it on level 2 of the Dungeon)
Missiles
 a - 12 arrows
Armour
 b - a +0 robe (worn)
 g - a +0 ring mail
Jewellery
 h - an uncursed amulet of harm
   (You found it on level 1 of the Dungeon)
 i - an amulet of faith (around neck)
   (You found it on level 2 of the Dungeon)
Scrolls
 f - 2 scrolls of enchant armour {unknown}
 j - a scroll of teleportation {unknown}
Potions
 e - a potion of mutation {unknown}
 l - 2 potions of degeneration {unknown}
Books
 c - a book of Changes

   Spells                             Type                      Level
   a - Beastly Appendage              Transmutation                1
   b - Sticks to Snakes               Transmutation                2
   c - Spider Form                    Transmutation/Poison         3
   d - Ice Form                       Ice/Transmutation            4
   e - Blade Hands                    Transmutation                5
Comestibles
 d - a ration


   Skills:
 + Level 2.5(1.0) Fighting
 + Level 0.5(0.0) Short Blades
 + Level 0.5(0.0) Long Blades
 + Level 0.5(0.0) Axes
 + Level 0.5(0.0) Maces & Flails
 + Level 0.5(0.0) Polearms
 + Level 0.5(0.0) Staves
 + Level 0.5(0.0) Slings
 + Level 0.5(0.0) Bows
 + Level 0.5(0.0) Crossbows
 + Level 0.5(0.0) Throwing
 + Level 0.5(0.0) Armour
 + Level 4.5(2.9) Dodging
 + Level 0.5(0.0) Stealth
 + Level 0.5(0.0) Shields
 + Level 6.5(4.8) Unarmed Combat
 + Level 4.9(3.3) Spellcasting
 + Level 0.3(0.0) Conjurations
 + Level 0.3(0.0) Hexes
 + Level 0.3(0.0) Charms
 + Level 0.3(0.0) Summonings
 + Level 0.3(0.0) Necromancy
 + Level 0.3(0.0) Translocations
 + Level 3.7(2.1) Transmutations
 + Level 0.3(0.0) Fire Magic
 + Level 0.3(0.0) Ice Magic
 + Level 0.3(0.0) Air Magic
 + Level 0.3(0.0) Earth Magic
 + Level 0.3(0.0) Poison Magic
 + Level 0.6(0.0) Invocations
 + Level 0.5(0.0) Evocations


You had 9 spell levels left.
You knew the following spells:

 Your Spells              Type           Power        Failure   Level  Hunger
e - Beastly Appendage     Tmut           #.....       8%          1    None


Dungeon Overview and Level Annotations

Branches:
Dungeon (3/15)

Altars:


Innate Abilities, Weirdness & Mutations

Your experience applies equally to all skills.
You have very sharp teeth.
Your uncanny sense of smell can sniff out nearby items.
You have claws for feet.


Message History

Your horns disappear.
There is a stone staircase leading down here.
You climb downwards.
There is a stone staircase leading up here.
You see here a short sword.
Unknown command.
You see here 18 gold pieces.
You now have 59 gold pieces (gained 18).
There is a stone staircase leading up here.
You see here a short sword.
You open the door.
Found a glowing dagger.
Found a stone staircase leading down.
There is an open door here.
You see here a glowing dagger.
k - a glowing dagger You open the door.
There is a stone staircase leading down here.
You climb downwards.
Found a short sword.
There is a stone staircase leading up here.
Unknown command.
A hobgoblin comes into view.
Found a ring mail.
A hobgoblin and a kobold come into view.
The hobgoblin shouts!
You hear a shout!
The kobold moves out of view.
Casting: Beastly Appendage
Confirm with . or Enter, or press ? or * to list all spells.
Your feet morph into talons.
An orc comes into view. It is wielding a war axe.
The orc shouts!
You hear a shout!
Found a scroll labeled EVIG HIYSIY.
An orc comes into view. It is wielding a falchion.
A goblin comes into view. It is wielding a club.
The goblin shouts!
The hobgoblin hits you.
An orc wizard comes into view. It is wielding a dagger.
You barely miss the hobgoblin.
The orc wizard shouts!
You claw the hobgoblin. You punch the hobgoblin.
The hobgoblin is almost dead.
You hit the hobgoblin.
You kill the hobgoblin!
You see here a short sword.
The orc wizard looks braver for a moment.
The orc wizard mumbles some strange words.
The orc wizard seems to speed up.
Your transformation is almost over.
Found 2 fuming red potions.
You see here 2 fuming red potions.
l - 2 fuming red potions
Casting: Beastly Appendage
Confirm with . or Enter, or press ? or * to list all spells.
You extend your transformation's duration.
You hit the kobold.
You kill the kobold!
You hit the orc. Your kick misses the orc. Your bite misses the orc.
The orc is severely wounded.
The orc closely misses you.
You hit the orc.
You kill the orc!
You barely miss the goblin.
Your transformation is almost over.
The goblin closely misses you.
You closely miss the goblin. The goblin hits you with a club.
You closely miss the goblin. You claw the goblin, but do no damage.
The goblin hits you but does no damage.
You punch the goblin!
You kill the goblin!
The orc wizard hits you but does no damage.
You closely miss the orc wizard.
You claw the orc wizard, but do no damage.
The orc wizard closely misses you.
You closely miss the orc wizard. You claw the orc wizard.
The orc wizard is moderately wounded.
The orc wizard hits you but does no damage.
You barely miss the orc wizard. Your kick misses the orc wizard.
The orc wizard is moderately wounded.
The orc wizard points at you and mumbles some strange words.
The magic dart hits you!
The orc wizard looks satisfied for a moment.
Casting: Beastly Appendage
Confirm with . or Enter, or press ? or * to list all spells.
You extend your transformation's duration.
The orc wizard completely misses you.
You hit the orc wizard.
The orc wizard is heavily wounded.
The orc wizard casts a spell at you. The magic dart hits you!
* * * LOW HITPOINT WARNING * * *
You hit the orc wizard.
The orc wizard is heavily wounded.
The orc wizard barely misses you. The orc wizard hits you with a dagger.
* * * LOW HITPOINT WARNING * * *
You closely miss the orc wizard. Your bite misses the orc wizard.
The orc wizard is heavily wounded.
The orc wizard casts a spell at you. The magic dart hits you!
You die...

#.....<.......
##............
##..........#
#o.######.##
###.## # #...#
#o### #o# #@#
#.# #.# #.#
..# ###


You could see an orc wizard and an orc.

Vanquished Creatures
  A dart slug (D:1)
  An orc (D:3)
  2 goblins
  2 hobgoblins
  3 ball pythons
  A frilled lizard (D:1)
  2 kobolds
  3 rats (D:1)
15 creatures vanquished.

Notes
Turn   | Place    | Note
-------+----------+-------------------------------------------
     0 | D:1      | tidbits the Gnoll Transmuter began the quest for the Orb.
     0 | D:1      | Reached XP level 1. HP: 17/17 MP: 6/6
   151 | D:1      | Reached XP level 2. HP: 20/23 MP: 7/7
   307 | D:3      | Killed from afar by an orc wizard

Action                   || total
-------------------------++-------
Melee: Unarmed           ||    41
       Kick              ||     7
       Bite              ||     1
       Headbutt          ||     2
       Punch             ||     1
 Cast: Beastly Appendage ||     9
 Stab: Sleeping          ||     1
Armor: Robe              ||     2
Dodge: Dodged            ||    18

Table legend:
 A = Turns spent in this place as a percentage of turns spent in the entire game.
 B = Non-inter-level travel turns spent in this place as a percentage of non-inter-level travel turns spent in the entire game.
 C = Inter-level travel turns spent in this place as a percentage of turns spent in this place.
 D = Turns resting spent in this place as a percentage of non-inter-level travel turns spent in this place.
 E = Turns spent auto-exploring this place as a percentage of non-inter-level travel turns spent in this place.
 F = Non-inter-level travel turns spent in this place divided by the number of levels of this place that you've seen.
                   A       B       C       D       E      F
               +-------+-------+-------+-------+-------+----------------------
         Total | 100.0 | 100.0 |   0.0 |   0.0 |   0.0 | 102.3
       Dungeon | 100.0 | 100.0 |   0.0 |   0.0 |   0.0 | 102.3
               +-------+-------+-------+-------+-------+----------------------

Table legend:
 A = Kills in this place as a percentage of kills in entire the game.
 B = Kills by you in this place as a percentage of kills by you in the entire game.
 C = Kills by friends in this place as a percentage of kills by friends in the entire game.
 D = Other kills in this place as a percentage of other kills in the entire game.
 E = Experience gained in this place as a percentage of experience gained in the entire game.
 F = Experience gained in this place divided by the number of levels of this place that you have seen.
                   A       B       C       D       E      F
               +-------+-------+-------+-------+-------+----------------------
         Total | 100.0 | 100.0 |   N/A |   N/A | 100.0 |   8.7
       Dungeon | 100.0 | 100.0 |   N/A |   N/A | 100.0 |   8.7
               +-------+-------+-------+-------+-------+----------------------

Vault maps used:
D:1:      erik_arrival_cave_to_civilisation, minivault_5
D:2:      lemuel_doored_altar, nicolae_overflow_hidden_temple,
          minmay_misc_feat_diagonals
D:3:      grunt_temple_overflow_order_and_chaos_1
